 Dungeon Crawl Stone Soup version 0.27-a0-70-g58928b186a (webtiles) character file.

Game seed: 7786992759906324379

207 Morbidden the Conjurer (level 5, -1/48 HPs)
             Began as a Troll Conjurer on Jan 10, 2021.
             Was a Follower of Cheibriados.
             Slain by a scorpion (5 damage)
             ... on level 4 of the Dungeon.
             The game lasted 00:03:35 (2597 turns).

Morbidden the Conjurer (Troll Conjurer)             Turns: 2597, Time: 00:03:35

Health: -1/48      AC:  6    Str: 18    XL:     5   Next: 54%
Magic:  6/6        EV: 10    Int: 24    God:    Cheibriados [*.....]
Gold:   214        SH:  0    Dex: 11    Spells: 4/7 levels left

rFire    . . .     SeeInvis .     - Unarmed
rCold    . . .     Faith    .   (no shield)
rNeg     + . .     Spirit   .   a - +0 robe
rPois    .         Reflect  .   (helmet restricted)
rElec    .         Harm     .   (no cloak)
rCorr    .         Rampage  .   (gloves unavailable)
Will     .....                  (boots unavailable)
Stlth    ++........             b - amulet of magic regeneration
HPRegen  0.56/turn              r - +6 ring of intelligence
MPRegen  0.35/turn              q - ring of positive energy

@: lethally poisoned (-1 -> -19), very slow
A: large, unfitting armour, claws 3, regeneration 1, shaggy fur 1, tough skin 3
a: Renounce Religion, Bend Time


You were on level 4 of the Dungeon.
You worshipped Cheibriados.
Cheibriados was aware of your devotion.
You visited 1 branch of the dungeon, and saw 4 of its levels.

You collected 214 gold pieces.

Inventory:

Missiles
 i - 13 poisoned darts (quivered)
Armour
 a - a +0 robe (worn)
Jewellery
 b - an amulet of magic regeneration (around neck)
 h - an uncursed ring of fire
 q - a ring of positive energy (right claw)
 r - a +6 ring of intelligence (left claw)
Scrolls
 c - 4 scrolls of identify
 g - a scroll of enchant armour {unknown}
 j - 3 scrolls of remove curse {unknown}
 o - a scroll of amnesia {unknown}
Potions
 d - 3 potions of heal wounds {unknown}
 e - a potion of haste {unknown}
 f - a potion of mutation {unknown}
 k - a potion of attraction {unknown}
 l - a potion of curing {unknown}
 m - a potion of lignification {unknown}
 n - 3 potions of brilliance {unknown}
 p - a potion of resistance {unknown}
 s - a potion of might {unknown}


   Skills:
 * Level 1.3 Fighting
 * Level 2.3 Dodging
 + Level 1.2 Stealth
 + Level 1.9 Unarmed Combat
 * Level 1.8 Spellcasting
 * Level 3.6 Conjurations
 * Level 1.0 Invocations


You had 4 spell levels left.
You knew the following spells:

 Your Spells              Type           Power        Failure   Level
a - Magic Dart            Conj           76%          2%          1
b - Searing Ray           Conj           38%          4%          2

Your spell library contained the following spells:

 Spells                   Type           Power        Failure   Level
 Dazzling Flash           Conj/Hex       22%          17%         3
 Fulminant Prism          Conj/Hex       5%           50%         4
 Iskenderun's Mystic Bla  Conj/Tloc      11%          50%         4


Dungeon Overview and Level Annotations

Branches:
Dungeon (4/15)
 Temple: D:4-7

Altars:
Cheibriados
Nemelex Xobeh
Uskayaw

Shops:
D:4 (


Innate Abilities, Weirdness & Mutations

You are too large for most types of armour.
You have claws for hands.
Your natural rate of healing is unusually fast.
You are covered in fur. (AC +1)
You have extremely tough skin. (AC +3)


Message History

The scorpion is heavily wounded.
* * * LOW HITPOINT WARNING * * *
You feel sick.
The worker ant bites you but does no damage.
The scorpion closely misses you. The adder skeleton closely misses you.
Unknown command.
You scratch the scorpion.
The scorpion is severely wounded.
* * * LOW HITPOINT WARNING * * *
You feel sick. The worker ant closely misses you.
The adder skeleton barely misses you.
The scorpion stings you but does no damage.
The worker ant completely misses you.
You barely miss the scorpion.
The scorpion is severely wounded.
* * * LOW HITPOINT WARNING * * *
You feel sick.
The adder skeleton bites you but does no damage.
The worker ant barely misses you. The scorpion stings you.
You die...

###..##.#.
#.##........
...........# ..
..........# ...
#..#.....##....
##.#...†.....#
#......<.##
#.........#..
##...@s......#
##.B.Z......#
$............#
#..........##....
.......8....##...
..##........# ...
. #.8.∩<8...
#.##....###


You could see a scorpion, a worker ant and an adder skeleton.

Vanquished Creatures
  An ogre (D:4)
  A gnoll (D:2)
  3 adders
  2 worms (D:3)
  2 dart slugs
  2 leopard geckos
  6 orcs (D:3)
  A ball python (D:1)
  3 giant cockroaches
  3 goblins
  5 hobgoblins
  5 jackals
  10 kobolds
  3 quokkas (D:3)
  8 bats
  A frilled lizard (D:1)
  12 rats
68 creatures vanquished.

Notes
Turn   | Place    | Note
-------+----------+-------------------------------------------
     0 | D:1      | Morbidden the Troll Conjurer began the quest for the Orb.
     0 | D:1      | Reached XP level 1. HP: 16/16 MP: 1/1
     7 | D:1      | Reached skill level 3 in Conjurations
   557 | D:1      | Reached XP level 2. HP: 24/24 MP: 2/2
  1067 | D:2      | Reached XP level 3. HP: 32/32 MP: 3/3
  1173 | D:2      | Found a snail-covered altar of Cheibriados.
  1189 | D:2      | Became a worshipper of Cheibriados the Contemplative
  1226 | D:2      | Found a faded altar of an unknown god.
  1658 | D:2      | Reached skill level 1 in Unarmed Combat
  1795 | D:3      | Found a hide-covered altar of Uskayaw.
  1839 | D:3      | Reached XP level 4. HP: 40/40 MP: 1/5
  2167 | D:3      | Reached * piety under Cheibriados
  2171 | D:3      | Reached skill level 1 in Fighting
  2183 | D:3      | Found a sparkling altar of Nemelex Xobeh.
  2415 | D:3      | Learned a level 2 spell: Searing Ray
  2582 | D:4      | Found Reyrem's Antique Weapon Boutique.
  2582 | D:4      | Noticed an ogre
  2593 | D:4      | Killed an ogre
  2594 | D:4      | Reached skill level 1 in Invocations
  2594 | D:4      | Reached XP level 5. HP: 14/48 MP: 6/6
  2597 | D:4      | Slain by a scorpion

Illustrated notes

Levels and vault maps discovered:
D:1:      ncdulo_watergridlock, layout_basic, st_stairs_3,
          amcnicky_mini_rare_corridor_liquid, supply_closet_lemuel,
          minmay_tetromino_t2
D:2:      layout_basic, lemuel_coloured_pillars_altar, serial_curves,
          eino_curves_03, eino_curves_03, eino_curves_03,
          chequers_ecumenical_altar_island, minmay_misc_feat_ornament,
          kennysheep_generic_room_15
D:3:      layout_basic, marbit_many_paths, lemuel_crystal_altar
D:4:      layout_cave_pools, serial_shops, nicolae_shop_statue_plus

Skill      XL: |  1  2  3  4 |
---------------+-------------+-----
Conjurations   | 3 |  3.6
Unarmed Combat | 1 |  1.9
Dodging        | 2 |  2.3
Fighting       | 1 |  1.3
Invocations    | 1 |  1.0
Stealth        | |  1.2
Spellcasting   | |  1.8

Action                   |  1- 3 |  4- 6 || total
-------------------------+-------+-------++-------
Melee: Unarmed           |   101 |    66 ||   167
       Punch             |     1 |       ||     1
 Cast: Magic Dart        |    41 |    26 ||    67
  Use: Scroll            |     1 |     2 ||     3
 Stab: Sleeping          |     1 |     1 ||     2
Armor: Robe              |    42 |    38 ||    80
Dodge: Dodged            |    51 |    47 ||    98

Table legend: (Time is in decaauts)
 A = Elapsed time spent in this place.
 B = Non-inter-level travel time spent in this place.
 C = Inter-level travel time spent in this place.
 D = Time resting spent in this place.
 E = Time spent auto-exploring this place.
 F = Levels seen in this place.
 G = Mean time per level.
                   A        B        C        D        E       F      G
               +--------+--------+--------+--------+--------+-----+--------+
         Total |   2969 |   2929 |     40 |    219 |   2288 |   4 |  742.2 |
       Dungeon |   2969 |   2929 |     40 |    219 |   2288 |   4 |  742.2 |
               +--------+--------+--------+--------+--------+-----+--------+

Top non-repeatable levels by time:
     D:1: 1040 daAuts
     D:3: 991 daAuts
     D:2: 908 daAuts
     D:4: 28 daAuts
